 Dungeon Crawl Stone Soup version 0.20.1-1-g8b1a95d (webtiles) character file.

211261 torrenera the Destroyer (level 18, -24/138 HPs)
             Began as a Demonspawn Venom Mage on Oct 26, 2017.
             Was the Champion of Vehumet.
             Shot with a bolt by Vashnia (28 damage)
             ... on level 3 of the Snake Pit on Oct 30, 2017.
             The game lasted 03:25:30 (43240 turns).

torrenera the Destroyer (Demonspawn Venom Mage)    Turns: 43240, Time: 03:25:30

Health: -24/138    AC: 16    Str: 11    XL:     18   Next: 21%
Magic:  16/42      EV: 17    Int: 23    God:    Vehumet [******]
Gold:   2206       SH:  5    Dex: 13    Spells: 3/40 levels left

rFire    + . .     SeeInvis .   a - +9 short sword "Dory" {elec, rElec}
rCold    . . .     Gourm    .   x - +0 buckler
rNeg     . . .     Faith    .   H - +3 leather armour {MR+}
rPois    +         Spirit   .   (no helmet)
rElec    +         Reflect  .   v - +0 cloak
rCorr    .         Harm     .   R - +0 pair of gloves
MR       +++..                  h - +1 pair of boots
Stlth    ++........             S - amulet of regeneration
Regen    0.8/turn               T - ring of protection from magic
MPRegen  0.3/turn               w - ring of magical power

@: flying
A: hooves 2, slimy green scales 3, fire resistance 1, ignite blood, spiny 3,
flame cloud immunity
}: 1/15 runes: decaying
a: Renounce Religion


You were on level 3 of the Snake Pit.
You worshipped Vehumet.
Vehumet was exalted by your worship.
You were very hungry.

You visited 6 branches of the dungeon, and saw 31 of its levels.
You visited 1 bazaar.

You collected 2945 gold pieces.
You spent 739 gold pieces at shops.

Inventory:

Hand Weapons
 a - the +9 short sword "Dory" (weapon) {elec, rElec}
   (You found it on level 3 of the Lair of Beasts)

   Occasionally, upon striking a foe, it will discharge some electrical energy
   and cause terrible harm.
   It insulates you from electricity.
Missiles
 d - 13 poisoned needles
Armour
 b - a +1 robe of fire resistance
 h - a +1 pair of boots (worn)
 v - a +0 cloak (worn)
 x - a +0 buckler (worn)
 F - a +2 robe of magic resistance
 H - a +3 leather armour of magic resistance (worn)
 J - a +0 robe of fire resistance
 R - a +0 pair of gloves (worn)
Jewellery
 w - a ring of magical power (right hand)
 S - an amulet of regeneration (around neck)
 T - a ring of protection from magic (left hand)
 U - an uncursed ring of ice
 X - an uncursed ring of protection from fire
Wands
 k - a wand of digging (6/24)
 n - a wand of disintegration (7/24)
 q - a wand of clouds (2/9)
 y - a wand of confusion (14/48)
 z - a wand of scattershot (7/9)
 E - a wand of iceblast (9/15)
 M - a wand of paralysis (7/24)
 V - a wand of scattershot (5/9)
 Y - a wand of acid (10/15)
Scrolls
 e - a scroll of acquirement
 f - 6 scrolls of teleportation
 g - a scroll of fear
 i - 4 scrolls of magic mapping
 o - 2 scrolls of blinking
 t - 7 scrolls of immolation
 B - 10 scrolls of remove curse
 O - 8 scrolls of identify
 W - 4 scrolls of fog
Potions
 j - a potion of berserk rage
 l - 5 potions of brilliance
 m - 4 potions of flight
 p - 3 potions of ambrosia
 u - a potion of resistance
 A - 3 potions of agility
 C - a potion of cancellation
 D - 2 potions of mutation
 G - 9 potions of heal wounds
 I - a potion of invisibility
 N - 8 potions of curing
 P - a potion of might
Books
 Q - a book of Clouds

   Spells                             Type                      Level
   a - Poisonous Vapours              Poison/Air                   2
   b - Mephitic Cloud                 Conjuration/Poison/Air       3
   c - Conjure Flame                  Conjuration/Fire             3
   d - Freezing Cloud                 Conjuration/Ice/Air          6
   e - Ring of Flames                 Charms/Fire                  7
Miscellaneous
 s - a lightning rod (1/4)
 Z - 2 phantom mirrors
Comestibles
 c - 10 bread rations
 r - 3 chunks of flesh


   Skills:
 * Level 11.2 Fighting
 - Level 12.0 Short Blades
 - Level 10.0 Armour
 - Level 10.3 Dodging
 - Level 1.7 Stealth
 - Level 6.8 Shields
 * Level 11.5 Spellcasting
 - Level 14.7 Conjurations
 * Level 9.3 Earth Magic
 - Level 8.3 Poison Magic
 - Level 7.6 Evocations


You had 3 spell levels left.
You knew the following spells:

 Your Spells              Type           Power        Failure   Level  Hunger
a - Iron Shot             Conj/Erth      ######....   1%          6    #####..
b - Poisonous Vapours     Pois/Air       ####..       1%          2    None
c - Orb of Destruction    Conj           ######....   3%          7    #######
d - Olgreb's Toxic Radia  Pois           ######..     1%          4    None
e - Venom Bolt            Conj/Pois      ######....   1%          5    ####...
g - Force Lance           Conj/Tloc      #####...     1%          4    None
h - Iskenderun's Mystic   Conj           ######..     1%          4    None
j - Ignite Poison         Fire/Tmut/Pois ####....     1%          3    None
k - Swiftness             Chrm/Air       ##......     9%          2    None


Dungeon Overview and Level Annotations

Branches:
Dungeon (15/15)            Temple (1/1) D:6            Lair (6/6) D:10
  Swamp (4/4) Lair:2        Snake (3/4) Lair:3        Slime (0/5) Lair:5
    Orc (2/2) D:10            Elf (0/3) Orc:2        Vaults (0/5) D:13
 Depths (0/5) D:15

Altars:
Cheibriados
Elyvilon
Hepliaklqana
Okawaru
Trog
Uskayaw
Vehumet
Beogh

Shops:
D:8 =   Orc:2 (!??

Annotations:
D:4 Menkaure
Lair:6 Rupert
Snake:3 Vashnia


Innate Abilities, Weirdness & Mutations

You have hoof-like feet.
You are completely covered in slimy green scales. (AC +4, rPois)
Your flesh is heat resistant. (rF+)
Your demonic aura causes spilled blood to erupt in flames.
You are completely covered in sharp spines.
You are immune to clouds of flame.


Message History

The iron shot hits Vashnia.
Vashnia is lightly wounded.
You are feeling very hungry.
Vashnia is engulfed in blazing flames.
Vashnia shoots a bolt.
The bolt barely misses you.
Some of the chunks of flesh in your inventory have rotted away.
Vashnia is engulfed in blazing flames.
Vashnia shoots a bolt.
The bolt hits you!!
* * * LOW HITPOINT WARNING * * *
There is an open door, spattered with blood here.
Items here: ( )) † an uncursed arbalest; an uncursed halberd; 5 bolts; a naga corpse You hit Vashnia.
Vashnia is moderately wounded.
You barely miss Vashnia.
Vashnia is moderately wounded.
You feel very buoyant.
You fly up into the air.
Vashnia is engulfed in blazing flames.
Vashnia shoots a bolt.
The bolt hits you!!
You die...

..............# #........
#######.......# #........
+###+#..# #........ #..##
#..(..... ##(..#+#
####........
#(.....###...........(.
#...)§................
#(.§)..# ........(.
##..##@## #########(
#...#.§N.....# #)
#(..#........# ##.
######...#.......## #..
.........#.......# ##..
.......).#.......# #'#.
.........#.......########.#.
.........#................#.
.........####### .#########.


You could see Vashnia.

Vanquished Creatures
  Bai Suzhen (Swamp:4)
  Nikola (Snake:1)
  A bone dragon (Swamp:4)
  2 thorn hunters
  The ghost of karf the Stickfighter, an adept FoFi of Ru (Snake:2)
  A nagaraja (Snake:2)
  An orc warlord (Orc:1)
  A juggernaut skeleton (D:15)
  Nessos (Orc:2)
  4 vault guards (D:13)
  12 naga warriors
  3 catoblepae
  Erica (Orc:1)
  4 ghost crabs
  5 anacondas
  13 hydras
  A merfolk avatar (Swamp:2)
  2 tengu warriors
  4 centaur warriors
  8 alligators
  2 ogre magi (D:15)
  14 two-headed ogres
  8 naga sharpshooters
  Nergalle (D:10)
  4 shock serpents
  A deep elf knight (D:13)
  Sonja (Lair:4)
  A salamander mystic (Snake:3)
  The ghost of Ymberto the Nimble, a novice DEFE of Sif Muna (D:9)
  5 skeletal warriors
  5 spriggan druids
  4 sea snakes
  A death drake (Swamp:4)
  A flayed ghost (D:15)
  5 unseen horrors
  3 naga ritualists
  8 swamp dragons
  2 shambling mangroves
  A tengu zombie (D:15)
  2 spectral hydras (Swamp:4)
  2 wizards (D:14)
  7 mana vipers
  A phantasmal warrior (Swamp:4)
  11 orc knights
  3 deep elf magi
  8 ugly things
  An orc sorcerer (Orc:2)
  A necromancer (D:15)
  6 cyclopes
  8 salamanders
  A manticore (D:11)
  3 centaur zombies
  17 elephants
  Joseph (D:8)
  3 guardian serpents
  20 black mambas
  45 spiny frogs
  4 gargoyles
  5 naga magi
  3 rime drakes
  A swamp worm zombie (Swamp:4)
  7 centaur skeletons
  3 efreet
  A kobold demonologist (D:12)
  A tengu conjurer (D:12)
  4 hydra zombies (Swamp:4)
  9 komodo dragons
  2 ice devils (D:15)
  A freezing wraith (D:14)
  A merfolk (D:9)
  A polar bear (Lair:6)
  13 tyrant leeches
  15 hornets
  11 trolls
  36 blink frogs
  2 meliai (D:13)
  17 slime creatures
  5 alligator zombies (Swamp:4)
  11 bog bodies
  4 spectral swamp dragons (Swamp:4)
  A deep troll zombie (D:15)
  A raiju (shapeshifter) (D:13)
  13 hippogriffs
  10 spriggans
  4 wyverns
  A vampire (D:13)
  2 wraiths
  6 shadows
  A yak (shapeshifter) (D:13)
  Eustachio (D:5)
  30 yaks
  3 hungry ghosts
  27 vampire mosquitoes
  5 basilisks
  A soldier ant (shapeshifter) (D:14)
  16 swamp worms
  5 wargs (Orc:2)
  29 insubstantial wisps
  A human zombie (D:15)
  3 acid dragons
  24 nagas
  12 water moccasins
  5 swamp drakes
  10 porcupines
  An eye of draining (D:11)
  2 black bears
  5 ice beasts
  38 orc warriors
  6 sky beasts
  14 ogres
  2 swamp dragon zombies (Swamp:4)
  13 wolves
  5 phantoms
  18 centaurs
  19 crocodiles
  22 bullfrogs
  2 big kobolds
  A wyvern skeleton (D:9)
  4 scorpions
  A water moccasin skeleton (D:5)
  24 killer bees
  5 wights (D:14)
  7 howler monkeys
  3 electric eels
  7 crimson imps
  2 quasits
  5 jellies
  2 bullfrog zombies
  8 hounds
  11 orc priests
  Crazy Yiuf (D:3)
  2 bullfrog skeletons
  2 iguanas
  11 orc wizards
  A spectral swamp drake (Swamp:4)
  17 worker ants
  A hound zombie (D:11)
  A hound skeleton (D:7)
  A worker ant zombie (D:9)
  6 gnolls
  9 adders
  A howler monkey skeleton (D:9)
  A swamp drake zombie (Swamp:4)
  5 shadow imps
  An ooze (D:3)
  3 adder skeletons
  An adder zombie (D:8)
  A worm (D:2)
  2 dart slugs (D:1)
  6 leopard geckos
  72 orcs
  2 giant cockroaches (D:3)
  9 goblins
  5 hobgoblins
  7 jackals (D:5)
  2 quokkas
  4 ball pythons
  10 bats
  4 frilled lizards
  19 kobolds
  2 quokka skeletons
  4 quokka zombies
  5 rats
  A fungus (Lair:6)
  4 plants
  A withered plant (D:15)
1094 creatures vanquished.

Vanquished Creatures (others)
  A swamp worm (Swamp:2)
  A swamp drake (Swamp:4)
  18 fungi
  60 plants (Lair:6)
80 creatures vanquished.

Grand Total: 1174 creatures vanquished

Notes
Turn   | Place    | Note
-------+----------+-------------------------------------------
     0 | D:1      | torrenera the Demonspawn Venom Mage began the quest for the Orb.
     0 | D:1      | Reached XP level 1. HP: 13/13 MP: 3/3
   699 | D:1      | Gained mutation: You are partially covered in slimy green scales. (AC +2) [demonic ancestry]
   699 | D:1      | Reached XP level 2. HP: 19/19 MP: 1/5
   822 | D:1      | Learned a level 2 spell: Poisonous Vapours
  1663 | D:1      | Gained mutation: You are mostly covered in slimy green scales. (AC +3) [demonic ancestry]
  1663 | D:1      | Reached XP level 3. HP: 24/24 MP: 3/6
  2389 | D:2      | Gained mutation: You are completely covered in slimy green scales. (AC +4, rPois) [demonic ancestry]
  2389 | D:2      | Reached XP level 4. HP: 30/30 MP: 3/8
  2949 | D:2      | Reached skill level 1 in Short Blades
  3051 | D:2      | Learned a level 3 spell: Mephitic Cloud
  3143 | D:3      | Found a radiant altar of Vehumet.
  3287 | D:3      | Reached XP level 5. HP: 24/35 MP: 3/9
  3383 | D:3      | Became a worshipper of Vehumet
  3433 | D:3      | Found a runed door.
  3585 | D:3      | Noticed Crazy Yiuf
  3599 | D:3      | Killed Crazy Yiuf
  3599 | D:3      | Reached skill level 5 in Poison Magic
  3983 | D:4      | Found a snail-covered altar of Cheibriados.
  4318 | D:4      | Noticed Menkaure
  4551 | D:5      | Entered Level 5 of the Dungeon
  4763 | D:5      | Found a hazy altar of Hepliaklqana.
  4812 | D:5      | Gained mutation: You are partially covered in sharp spines. [demonic ancestry]
  4812 | D:5      | Reached XP level 6. HP: 33/41 MP: 7/10
  4900 | D:5      | Found a bloodstained altar of Trog.
  4976 | D:5      | Found a hide-covered altar of Uskayaw.
  4995 | D:5      | Learned a level 4 spell: Olgreb's Toxic Radiance
  5286 | D:5      | Noticed Eustachio
  5289 | D:5      | Killed Eustachio
  5289 | D:5      | Reached XP level 7. HP: 46/46 MP: 8/11
  5353 | D:5      | Reached * piety under Vehumet
  5353 | D:5      | Offered knowledge of Sandblast by Vehumet.
  5595 | D:6      | Found a staircase to the Ecumenical Temple.
  5689 | D:6      | Found a snail-covered altar of Cheibriados.
  6053 | D:6      | Reached skill level 2 in Conjurations
  6214 | Temple   | Entered the Ecumenical Temple
  6358 | D:7      | Reached skill level 3 in Conjurations
  6749 | D:7      | Noticed a brown ugly thing
  6896 | D:8      | Reached skill level 4 in Conjurations
  7076 | D:8      | Noticed Joseph
  7087 | D:8      | HP: 2/46 [Joseph/quarterstaff (7)]
  7092 | D:8      | Killed Joseph
  7092 | D:8      | Reached skill level 6 in Conjurations
  7092 | D:8      | Gained mutation: Your flesh is heat resistant. (rF+) [demonic ancestry]
  7092 | D:8      | Reached XP level 8. HP: 16/52 MP: 7/12
  7134 | D:8      | Reached skill level 7 in Conjurations
  7494 | D:8      | Found Nouchoem's Jewellery Boutique.
  7919 | D:8      | Offered knowledge of Throw Frost by Vehumet.
  7975 | D:8      | Reached ** piety under Vehumet
  8373 | D:9      | Gained mutation: You are immune to clouds of flame. [demonic ancestry]
  8373 | D:9      | Reached XP level 9. HP: 57/57 MP: 14/14
  8390 | D:9      | Noticed a deep elf mage
  8564 | D:7      | HP: 2/85 [slime creature (11)]
  8859 | D:9      | HP: 1/57 [deep elf mage/shard of ice (20)]
  8862 | D:9      | Killed a deep elf mage
  8862 | D:9      | Reached skill level 8 in Conjurations
  8909 | D:9      | Noticed a troll
  9483 | D:9      | Noticed Ymberto's ghost (novice DEFE)
  9658 | D:8      | Learned a level 5 spell: Venom Bolt
  9933 | D:9      | Reached skill level 1 in Fighting
  9968 | D:10     | Entered Level 10 of the Dungeon
  9985 | D:10     | Reached skill level 5 in Spellcasting
 10116 | D:10     | Found a staircase to the Lair.
 10218 | D:10     | Noticed Nergalle
 10219 | D:10     | Noticed a catoblepas
 10649 | D:9      | Reached XP level 10. HP: 54/69 MP: 18/18
 10962 | D:9      | Noticed a two-headed ogre
 11743 | D:9      | Killed a two-headed ogre
 12338 | D:7      | Killed a brown ugly thing
 12584 | D:7      | Learned a level 2 spell: Searing Ray
 12771 | D:9      | Killed Ymberto's ghost
 12771 | D:9      | Reached skill level 5 in Fighting
 12771 | D:9      | Reached skill level 5 in Dodging
 12843 | D:10     | Killed Nergalle
 12869 | D:10     | Learned a level 4 spell: Force Lance
 13044 | D:10     | Reached XP level 11. HP: 73/81 MP: 22/22
 13236 | D:10     | Killed a catoblepas
 13241 | D:10     | Offered knowledge of Inner Flame by Vehumet.
 13500 | D:10     | Reached *** piety under Vehumet
 13689 | D:10     | Found a staircase to the Orcish Mines.
 13971 | Lair:1   | Entered Level 1 of the Lair of Beasts
 14017 | Lair:1   | Killed an unseen horror
 14703 | Lair:1   | Noticed a six-headed hydra
 14734 | Lair:1   | Killed a six-headed hydra
 15185 | Lair:1   | Learned a level 4 spell: Iskenderun's Mystic Blast
 15903 | Lair:2   | Offered knowledge of Stone Arrow by Vehumet.
 16300 | Lair:2   | Noticed a six-headed hydra
 16337 | Lair:2   | Reached XP level 12. HP: 75/93 MP: 24/24
 16685 | Lair:2   | Found a staircase to the Swamp.
 16756 | Lair:2   | Killed a six-headed hydra
 17456 | Lair:3   | Reached **** piety under Vehumet
 17696 | Lair:3   | Reached skill level 10 in Dodging
 17703 | Lair:3   | Got an ancient short sword
 17799 | Lair:3   | Offered knowledge of Lightning Bolt by Vehumet.
 17923 | Lair:3   | Reached skill level 10 in Fighting
 17981 | Lair:3   | Identified the +9 short sword "Dory" {elec, rElec} (You found it on level 3 of the Lair of Beasts)
 18305 | Lair:3   | Found a staircase to the Snake Pit.
 18377 | Lair:3   | Reached skill level 5 in Short Blades
 18843 | Lair:4   | Noticed Sonja
 18846 | Lair:4   | Killed Sonja
 18849 | Lair:4   | Got a faintly glowing flail
 18872 | Lair:4   | Noticed a catoblepas
 18918 | Lair:4   | Killed a catoblepas
 19417 | Lair:4   | Noticed an eight-headed hydra
 19425 | Lair:4   | Killed an eight-headed hydra
 19614 | Lair:4   | Reached skill level 9 in Conjurations
 19614 | Lair:4   | Gained mutation: Your demonic aura causes spilled blood to erupt in flames. [demonic ancestry]
 19614 | Lair:4   | Reached XP level 13. HP: 75/103 MP: 18/25
 20065 | Lair:5   | Identified the +7 flail of Jiming {pain, Int+3} (You found it on level 4 of the Lair of Beasts)
 20092 | Lair:5   | Found a staircase to the Slime Pits.
 20987 | Lair:6   | Entered Level 6 of the Lair of Beasts
 21276 | Lair:5   | Reached ***** piety under Vehumet
 21321 | Lair:6   | Offered knowledge of Bolt of Magma by Vehumet.
 21571 | Lair:5   | Reached skill level 10 in Conjurations
 22679 | Lair:6   | Reached skill level 10 in Short Blades
 23107 | Lair:6   | Reached skill level 11 in Conjurations
 23135 | Lair:6   | Gained mutation: You have large cloven feet. [demonic ancestry]
 23135 | Lair:6   | Reached XP level 14. HP: 82/110 MP: 26/26
 24215 | Lair:2   | Learned a level 1 spell: Summon Butterflies
 24570 | Lair:2   | Learned a level 3 spell: Ignite Poison
 24834 | Lair:6   | Noticed Rupert
 24973 | D:11     | Offered knowledge of Lee's Rapid Deconstruction by Vehumet.
 25079 | D:11     | Found an iron altar of Okawaru.
 25098 | D:11     | Got a jewelled falchion
 26671 | D:12     | Reached skill level 12 in Conjurations
 26753 | D:12     | Identified the +3 falchion of Zin's Favour {speed, -Tele rC+ Dex+4} (You found it on level 11 of the Dungeon)
 27595 | D:13     | Reached skill level 1 in Shields
 27762 | D:13     | Found a bloodstained altar of Trog.
 27851 | D:13     | Offered knowledge of Iskenderun's Battlesphere by Vehumet.
 28127 | D:13     | Gained mutation: You have hoof-like feet. [demonic ancestry]
 28127 | D:13     | Reached XP level 15. HP: 115/115 MP: 20/28
 28260 | D:13     | Reached skill level 5 in Shields
 28352 | D:13     | Found a gate to the Vaults.
 29152 | D:14     | Reached skill level 1 in Armour
 29403 | D:14     | Found a white marble altar of Elyvilon.
 29439 | D:14     | Reached skill level 13 in Conjurations
 30064 | D:15     | Entered Level 15 of the Dungeon
 30073 | D:15     | Reached ****** piety under Vehumet
 30404 | D:15     | Found a staircase to the Depths.
 30593 | D:15     | Reached skill level 14 in Conjurations
 30746 | D:15     | Found a flickering gateway to a bazaar.
 30899 | Bazaar   | Entered a bazaar
 30901 | Bazaar   | Found Paif's Magic Scroll Boutique.
 30905 | Bazaar   | Found Igguewki's Gadget Boutique.
 30905 | Bazaar   | Found Teituwaj's Distillery.
 30906 | Bazaar   | Found Itausexe's General Store.
 30938 | Bazaar   | Bought a potion of heal wounds for 45 gold pieces
 30938 | Bazaar   | Bought a potion of agility for 36 gold pieces
 30948 | Bazaar   | Bought 2 potions of heal wounds for 110 gold pieces
 30948 | Bazaar   | Bought a potion of might for 44 gold pieces
 30948 | Bazaar   | Bought a scroll of identify for 22 gold pieces
 30948 | Bazaar   | Bought 3 scrolls of identify for 66 gold pieces
 30948 | Bazaar   | Bought a scroll of remove curse for 33 gold pieces
 30953 | Bazaar   | Bought a scroll of identify for 18 gold pieces
 30953 | Bazaar   | Bought a scroll of identify for 18 gold pieces
 30953 | Bazaar   | Bought 3 scrolls of remove curse for 81 gold pieces
 30953 | Bazaar   | Bought a scroll of identify for 18 gold pieces
 30953 | Bazaar   | Bought a scroll of teleportation for 27 gold pieces
 30953 | Bazaar   | Bought a scroll of identify for 18 gold pieces
 30953 | Bazaar   | Bought a scroll of teleportation for 27 gold pieces
 31037 | D:15     | Reached skill level 5 in Armour
 31061 | D:15     | Learned a level 2 spell: Swiftness
 31097 | D:15     | Offered knowledge of Ozocubu's Refrigeration by Vehumet.
 31496 | Swamp:1  | Entered Level 1 of the Swamp
 31704 | Lair:2   | Learned a level 6 spell: Iron Shot
 31866 | Swamp:1  | Reached skill level 1 in Earth Magic
 32365 | Swamp:1  | Got a bound steel ring
 32393 | Swamp:1  | Gained mutation: You are mostly covered in sharp spines. [demonic ancestry]
 32393 | Swamp:1  | Reached XP level 16. HP: 107/122 MP: 19/29
 33209 | Swamp:2  | Reached skill level 5 in Earth Magic
 33224 | Swamp:2  | Offered knowledge of Conjure Ball Lightning by Vehumet.
 33303 | Swamp:2  | Identified the ring of Haic {rPois rN+++ MP-9 Int-2 Stlth-} (You found it on level 1 of the Swamp)
 33489 | Swamp:2  | Reached skill level 10 in Spellcasting
 33803 | Swamp:2  | Got a warped great sword
 34253 | Swamp:3  | Noticed a thorn hunter
 34269 | Swamp:3  | Killed a thorn hunter
 34722 | Swamp:3  | Offered knowledge of Freezing Cloud by Vehumet.
 35172 | Swamp:4  | Entered Level 4 of the Swamp
 35533 | Swamp:4  | Noticed Bai Suzhen
 35562 | Swamp:4  | Killed Bai Suzhen
 36516 | Swamp:4  | Noticed a thorn hunter
 36522 | Swamp:4  | Killed a thorn hunter
 36630 | Swamp:4  | Reached skill level 10 in Armour
 36630 | Swamp:4  | Reached XP level 17. HP: 100/123 MP: 17/31
 36937 | Swamp:4  | Offered knowledge of Orb of Destruction by Vehumet.
 37174 | Swamp:4  | Noticed a bone dragon
 37441 | Swamp:4  | Killed a bone dragon
 37540 | Swamp:4  | Got a decaying rune of Zot
 37739 | Lair:2   | Learned a level 7 spell: Orb of Destruction
 37760 | Lair:2   | Identified the +11 great sword "Jenun" {freeze, rN+} (You found it on level 2 of the Swamp)
 37978 | Orc:1    | Entered Level 1 of the Orcish Mines
 38125 | Orc:1    | Noticed Erica
 38130 | Orc:1    | Killed Erica
 38533 | Orc:2    | Entered Level 2 of the Orcish Mines
 38534 | Orc:2    | Found a staircase to the Elven Halls.
 38671 | Orc:2    | Found a roughly hewn altar of Beogh.
 38995 | Orc:2    | Reached skill level 1 in Evocations
 39045 | Orc:2    | Found Pomaarch's Magic Scroll Shop.
 39045 | Orc:2    | Found Gaicoh's Magic Scroll Shoppe.
 39242 | Orc:2    | Noticed Nessos
 39247 | Orc:2    | Killed Nessos
 39379 | Orc:2    | Found Waumatt's Antique Weapon Shop.
 39431 | Orc:2    | Found Tisch's Distillery.
 39461 | Orc:2    | Bought a potion of curing for 48 gold pieces
 39461 | Orc:2    | Bought a potion of curing for 48 gold pieces
 39461 | Orc:2    | Bought a potion of heal wounds for 80 gold pieces
 39707 | Snake:1  | Entered Level 1 of the Snake Pit
 40000 | Snake:1  | Reached skill level 5 in Evocations
 40299 | Snake:1  | Noticed Nikola
 40303 | Snake:1  | Killed Nikola
 40775 | Snake:1  | Offered knowledge of Lehudib's Crystal Spear by Vehumet.
 40775 | Snake:1  | Offered knowledge of Glaciate by Vehumet.
 40775 | Snake:1  | Offered knowledge of Tornado by Vehumet.
 42399 | Snake:2  | Identified a scroll of acquirement
 42474 | Snake:2  | Gained mutation: You are completely covered in sharp spines. [demonic ancestry]
 42474 | Snake:2  | Reached XP level 18. HP: 132/136 MP: 29/33
 42510 | Snake:2  | Noticed karf's ghost (adept FoFi)
 42536 | Snake:2  | Killed karf's ghost
 43202 | Snake:3  | Noticed Vashnia
 43237 | Snake:3  | HP: 3/138 [Vashnia/bolt (32)]
 43240 | Snake:3  | Shot with a bolt by Vashnia

Skill      XL: |  1  2  3  4  5  6  7  8  9 10 11 12 13 14 15 16 17 18 |
---------------+-------------------------------------------------------+-----
Poison Magic   | 4 5 6 7 8 |  8.3
Short Blades   | 1 2 4 6 10 12 | 12.0
Conjurations   | 6 7 8 9 11 12 14 | 14.7
Spellcasting   | 3 5 7 8 9 10 11 | 11.5
Dodging        | 3 5 8 10 | 10.3
Fighting       | 2 5 8 10 11 | 11.2
Shields        | 4 6 |  6.8
Armour         | 5 10 | 10.0
Earth Magic    | 3 6 9 |  9.3
Evocations     | 7 |  7.6
Stealth        | |  1.7

Action                   |  1- 3 |  4- 6 |  7- 9 | 10-12 | 13-15 | 16-18 || total
-------------------------+-------+-------+-------+-------+-------+-------++-------
Melee: Unarmed           |    15 |       |       |       |       |       ||    15
       Dagger            |    17 |    95 |   155 |   212 |       |       ||   479
       Short sword       |    13 |    25 |       |    12 |   653 |   989 ||  1692
 Fire: Hunting sling     |       |       |    53 |   113 |    41 |       ||   207
Throw: Stone             |       |       |       |       |     1 |       ||     1
 Cast: Sting             |    50 |    21 |     6 |       |       |       ||    77
       Poisonous Vapours |    12 |    27 |    24 |    60 |    82 |    26 ||   231
       Mephitic Cloud    |       |       |     4 |     6 |     1 |       ||    11
       Olgreb's Toxic Ra |       |       |     3 |    27 |    52 |    36 ||   118
       Venom Bolt        |       |       |     5 |    46 |    85 |    16 ||   152
       Searing Ray       |       |       |       |    31 |    41 |       ||    72
       Force Lance       |       |       |       |     3 |       |     2 ||     5
       Iskenderun's Myst |       |       |       |    11 |   114 |   101 ||   226
       Ignite Poison     |       |       |       |       |    19 |    10 ||    29
       Summon Butterflie |       |       |       |       |     1 |       ||     1
       Iron Shot         |       |       |       |       |    19 |   132 ||   151
       Orb of Destructio |       |       |       |       |       |     4 ||     4
Evoke: Wand              |       |       |     6 |     4 |     6 |       ||    16
       Lightning rod     |       |       |       |       |     2 |     1 ||     3
  Use: Potion            |       |       |     8 |     1 |     1 |     9 ||    19
       Scroll            |       |       |     7 |     9 |    24 |    11 ||    51
 Stab: Sleeping          |       |     2 |       |       |     7 |       ||     9
       Confused          |       |       |     2 |     1 |       |       ||     3
       Invisible         |       |       |     2 |       |       |       ||     2
       Distracted        |       |       |       |       |     1 |     1 ||     2
  Eat: Chunk             |     6 |    10 |    12 |    39 |    69 |    44 ||   180
       Fruit             |       |       |     4 |       |       |       ||     4
       Royal jelly       |       |       |     2 |       |       |     4 ||     6
       Bread ration      |       |       |       |     1 |     1 |     8 ||    10
Armor: Robe              |    39 |    56 |    30 |       |       |       ||   125
       Leather armour    |       |       |    24 |   109 |   155 |   207 ||   495
       Skin              |       |       |     5 |       |       |       ||     5
Dodge: Dodged            |    66 |    83 |    59 |   225 |   412 |   457 ||  1302
Block: Buckler           |       |       |       |       |    72 |   148 ||   220
